 Dungeon Crawl Stone Soup version 0.21.1-1-g345015fe64 (console) character file.

171 Kloppie the Slasher (level 5, -1/42 HPs)
             Began as a Human Berserker on Feb 27, 2018.
             Was a Believer of Trog.
             Killed by divine providence
             ... invoked by an orc priest
              (7 damage)
             ... on level 4 of the Dungeon.
             The game lasted 00:04:14 (3164 turns).

Kloppie the Slasher (Human Berserker)               Turns: 3164, Time: 00:04:15

Health: -1/42      AC:  4    Str: 19    XL:     5   Next: 81%
Magic:  5/5        EV: 11    Int:  7    God:    Trog [**....]
Gold:   215        SH:  0    Dex: 12    Spells: 4/4 levels left

rFire    . . .     SeeInvis .   a - +0 falchion
rCold    . . .     Gourm    .   (no shield)
rNeg     . . .     Faith    .   e - -1 ring mail (curse)
rPois    .         Spirit   .   (no helmet)
rElec    .         Reflect  .   (no cloak)
rCorr    .         Harm     .   (no gloves)
MR       ++...                  (no boots)
Stlth    +.........             (no amulet)
HPRegen  1.14/turn              (no ring)
MPRegen  0.09/turn              (no ring)

@: berserk cooldown, regenerating, slowed, very slow
A: no striking features
a: Berserk, Trog's Hand, Burn Spellbooks, Renounce Religion


You were on level 4 of the Dungeon.
You worshipped Trog.
Trog was pleased with you.
You were very hungry.

You visited 1 branch of the dungeon, and saw 4 of its levels.

You collected 215 gold pieces.

Inventory:

Hand Weapons
 a - a +0 falchion (weapon)
Armour
 e - a cursed -1 ring mail (worn)
 g - a +0 crystal plate armour
Jewellery
 j - an uncursed amulet of harm {unknown}
 m - a cursed ring of protection from cold {unknown}
 o - an uncursed ring of protection from magic {unknown}
Scrolls
 q - 2 scrolls of magic mapping {unknown}
Potions
 b - 2 potions of curing
 f - a potion of brilliance
 h - 2 potions of magic
 i - 2 potions of resistance
 k - 2 potions of agility
 l - a potion of mutation {unknown}
 n - a potion of ambrosia {unknown}
 p - a potion of haste {unknown}
Comestibles
 c - 4 rations
 d - 2 chunks of flesh


   Skills:
 - Level 4.0 Fighting
 + Level 5.4 Long Blades
 - Level 2.0 Armour
 - Level 2.0 Dodging


You had 4 spell levels left.
You didn't know any spells.

Dungeon Overview and Level Annotations

Branches:
Dungeon (4/15)
 Temple: D:4-7

Altars:
Nemelex Xobeh


Message History

Things that are here:
a falchion; an orc corpse You barely miss the orc priest.
You feel the effects of Trog's Hand fading.
The orc closely misses you.
You closely miss the orc priest.
The orc priest hits you with a hand axe.
* * * LOW HITPOINT WARNING * * *
You completely miss the orc priest.
You are no longer berserk.
You are exhausted.
You feel yourself slow down. The orc misses you.
You closely miss the orc priest.
The orc priest hits you with a hand axe.
* * * LOW HITPOINT WARNING * * *
The orc hits you with a flail.
* * * LOW HITPOINT WARNING * * *
The orc priest mumbles some strange prayers to Beogh against you.
Beogh smites you!
You die...

#o#....#
#.# #.##
#.##.###
#.# #.#
#.##.#
#.# #.#
#.##.#
#.# #..
#$##.#
#.# ..
#.##.#
..#
#.##.#
#o##.#
#@##.#
#o)..#
######


You could see an orc priest and an orc.

Vanquished Creatures
  An orc wizard (D:4)
  7 adders
  2 dart slugs (D:1)
  A worm (D:3)
  4 leopard geckos
  8 orcs
  7 bats
  A giant cockroach (D:1)
  7 goblins
  10 hobgoblins
  2 jackals (D:2)
  3 kobolds
  A ball python (D:3)
  7 frilled lizards
  5 rats
66 creatures vanquished.

Notes
Turn   | Place    | Note
-------+----------+-------------------------------------------
     0 | D:1      | Kloppie the Human Berserker began the quest for the Orb.
     0 | D:1      | Reached XP level 1. HP: 18/18 MP: 1/1
   228 | D:1      | Reached XP level 2. HP: 24/24 MP: 2/2
   503 | D:1      | Reached XP level 3. HP: 28/29 MP: 3/3
  1082 | D:2      | Reached XP level 4. HP: 20/37 MP: 4/4
  1289 | D:2      | Reached ** piety under Trog
  1483 | D:2      | Reached skill level 4 in Long Blades
  2121 | D:3      | Reached XP level 5. HP: 34/42 MP: 5/5
  2660 | D:3      | Reached skill level 5 in Long Blades
  2734 | D:3      | Found a sparkling altar of Nemelex Xobeh.
  3164 | D:4      | Killed from afar by an orc priest

Skill      XL: |  1  2  3  4  5 |
---------------+----------------+-----
Fighting       | 4 |  4.0
Long Blades    | 4 5 |  5.4
Armour         | |  2.0
Dodging        | |  2.0

Action                   |  1- 3 |  4- 6 || total
-------------------------+-------+-------++-------
Melee: Falchion          |    67 |   150 ||   217
Invok: Berserk           |     1 |     1 ||     2
       Trog's Hand       |       |     1 ||     1
  Use: Scroll            |     3 |     5 ||     8
 Stab: Sleeping          |     1 |       ||     1
  Eat: Chunk             |       |     8 ||     8
Armor: Animal skin       |     5 |       ||     5
       Ring mail         |    13 |    43 ||    56
Dodge: Dodged            |    55 |    89 ||   144
       Rpst.: Falchion   |    22 |    30 ||    52
